 Dungeon Crawl Stone Soup version 0.25-a0-316-gd28d56f9c5 (webtiles) character file.

Game seed: 17940000342504836672, levelgen mode: deterministic

66182 ANON1729 the Geomancer (level 15, 0/102 HPs)
             Began as an Octopode Earth Elementalist on Dec 24, 2019.
             Slain by Jorgrun
             ... wielding a +0 quarterstaff of crushing
              (18 damage)
             ... on level 1 of the Orcish Mines on Dec 25, 2019.
             The game lasted 01:59:16 (35676 turns).

ANON1729 the Geomancer (OpEE)                      Turns: 35676, Time: 01:59:17

Health: 0/102      AC:  3    Str:  3    XL:     15   Next: 18%
Magic:  28/28      EV: 20    Int: 26    God:
Gold:   1515       SH:  0    Dex: 25    Spells: 14/32 levels left

rFire    + . .     SeeInvis +   A - +7 dagger (chaos)
rCold    + . .     Gourm    .   (no shield)
rNeg     + + .     Faith    .   (helmet restricted)
rPois    .         Spirit   .   (no amulet)
rElec    +         Reflect  .   d - ring of positive energy
rCorr    .         Harm     .   m - +5 ring of intelligence
MR       +....                  g - ring "Zaimp" {rElec rN+ Str-4 Dex+5}
Stlth    +++++++...             a - +2 ring of protection
HPRegen  0.27/turn              p - ring of protection from fire
MPRegen  0.21/turn              Q - +6 ring of slaying
                                S - ring of see invisible
                                C - ring of Vampiric Thralls {*Drain rC+ Dex+4}

@: about to teleport, grasped by roots, very slightly contaminated, constricted,
studying Ice Magic, invisible
A: almost no armour, stealthy swim, amphibious, 8 rings, constrict 8, camouflage
1, gelatinous body 1
a: no special abilities


You were on level 1 of the Orcish Mines.
You were not hungry.

You visited 5 branches of the dungeon, and saw 22 of its levels.
You also visited: Bailey and Ice Cave.

You collected 1515 gold pieces.

Inventory:

Hand Weapons
 s - a +2 dagger of electrocution
 A - a +7 dagger of chaos (weapon)
 N - the +5 dagger of Peat {drain, rF++}
   (You found it on level 8 of the Dungeon)

   A truly terrible weapon, it drains the life of those it strikes.
   It greatly protects you from fire.
Missiles
 b - 329 stones (quivered)
Armour
 Y - the -3 hat "Bitranymim" {Regen+ rCorr Stlth+}
   (You found it in an ice cave)

   It increases your rate of regeneration.
   It provides partial protection from all sources of acid and corrosion.
   It makes you more stealthy.
Jewellery
 a - a +2 ring of protection (on tentacle)
 d - a ring of positive energy (left tentacle)
 g - the ring "Zaimp" (on tentacle) {rElec rN+ Str-4 Dex+5}
   (You found it on level 6 of the Lair of Beasts)

   [ring of positive energy]

   It affects your strength (-4).
   It affects your dexterity (+5).
   It insulates you from electricity.
   It protects you from negative energy.
 m - a +5 ring of intelligence (right tentacle)
 p - a ring of protection from fire (on tentacle)
 r - an uncursed ring of protection from fire
 v - an uncursed ring of ice
 C - the ring of Vampiric Thralls (on tentacle) {*Drain rC+ Dex+4}
   (You found it on level 2 of the Lair of Beasts)

   [ring of protection from cold]

   It affects your dexterity (+4).
   It protects you from cold.
   It causes draining when unequipped.
 F - the ring of Eckou {Fire rPois rN++ Int-5}
   (You found it on level 6 of the Dungeon)

   [ring of fire]

   It enhances your fire magic.
   It affects your intelligence (-5).
   It protects you from fire.
   It makes you vulnerable to cold.
   It protects you from poison.
   It greatly protects you from negative energy.
 K - an uncursed ring of ice
 Q - a +6 ring of slaying (on tentacle)
 S - a ring of see invisible (on tentacle)
 V - an uncursed ring of ice
Wands
 u - a wand of random effects (44)
 x - a wand of polymorph (8)
 D - a wand of flame (27)
 O - a wand of iceblast (51)
 P - a wand of disintegration (6)
 Z - a wand of enslavement (2)
Scrolls
 e - 14 scrolls of remove curse
 j - 2 scrolls of fog
 l - a scroll of vulnerability {unknown}
 n - a scroll of fear
 o - 7 scrolls of immolation
 y - 7 scrolls of amnesia
 E - a scroll of blinking
 G - 4 scrolls of enchant armour
 J - a scroll of brand weapon {unknown}
 T - a scroll of summoning {unknown}
Potions
 i - 2 potions of agility
 k - 4 potions of curing
 t - 2 potions of might
 w - 3 potions of lignification
 z - a potion of brilliance
 H - 3 potions of haste
 I - a potion of magic {unknown}
 M - 3 potions of mutation
Books
 W - a manual of Ice Magic
 X - a manual of Ice Magic
Miscellaneous
 h - a box of beasts
 R - a phantom mirror
Comestibles
 c - 22 rations


   Skills:
 + Level 9.5 Fighting
 + Level 9.4 Short Blades
 + Level 9.8 Dodging
 + Level 13.2 Stealth
 + Level 9.0 Spellcasting
 + Level 9.4 Transmutations
 + Level 3.8 Ice Magic
 * Level 13.5 Earth Magic


You had 14 spell levels left.
You knew the following spells:

 Your Spells              Type           Power        Failure   Level  Hunger
a - Sandblast             Erth           ######       1%          1    None
b - Passwall              Tmut/Erth      ######..     1%          2    None
c - Petrify               Tmut/Erth      ######..     1%          4    #......
d - Lee's Rapid Deconstr  Erth           ######....   1%          5    ####...
e - Stone Arrow           Conj/Erth      #####.       1%          3    None
f - Ozocubu's Armour      Chrm/Ice       ###.....     7%          3    None

Your spell library contained the following spells:

 Spells                   Type           Power        Failure   Level  Hunger
 Freeze                   Ice            ####         1%          1    None
 Leda's Liquefaction      Hex/Erth       #####.....   3%          4    #......
 Corona                   Hex            ##.....      4%          1    None
 Shock                    Conj/Air       ##..         4%          1    None
 Corpse Rot               Necr/Air       N/A          8%          2    None
 Slow                     Hex            ##......     8%          2    None
 Swiftness                Chrm/Air       ##......     8%          2    None
 Borgnjor's Vile Clutch   Necr/Erth      #####.....   9%          5    ####...
 Inner Flame              Hex/Fire       ##......     16%         3    None
 Portal Projectile        Hex/Tloc       ##....       16%         3    None
 Recall                   Summ/Tloc      N/A          16%         3    None
 Static Discharge         Conj/Air       ##......     16%         3    None
 Hydra Form               Tmut           ######....   17%         6    ######.
 Hailstorm                Conj/Ice       ###.....     24%         4    #......
 Summon Ice Beast         Ice/Summ       ###.....     24%         4    #......
 Airstrike                Air            ##........   45%         4    #......
 Animate Dead             Necr           N/A          45%         4    #......
 Cause Fear               Hex            ##........   45%         4    #......
 Eringya's Noxious Bog    Tmut/Pois      #####.....   75%         6    ######.
 Lightning Bolt           Conj/Air       ##........   80%         5    ####...
 Summon Forest            Summ/Tloc      ##........   80%         5    ####...
 Simulacrum               Ice/Necr       ###.......   98%         6    ######.
 Death Channel            Necr           ##........   100%        6    ######.
 Summon Hydra             Summ           ##........   100%        7    #######


Dungeon Overview and Level Annotations

Branches:
Dungeon (13/15)            Temple (1/1) D:5            Lair (6/6) D:8
  Swamp (0/4) Lair:2       Spider (0/4) Lair:2        Slime (1/5) Lair:6
    Orc (1/2) D:10         Bailey (visited)           IceCv (visited)
 Vaults: D:13-14

Altars:
Ashenzari
Cheibriados
Dithmenos
Elyvilon
Fedhas
Gozag
Hepliaklqana
Kikubaaqudgha
Makhleb
Nemelex Xobeh
Okawaru
Qazlal
Ru
Sif Muna
Trog
Uskayaw
Vehumet
Wu Jian
Xom
Yredelemnul
Zin
The Shining One
Beogh
Lugonu

Shops:
D:7 :

Annotations:
D:4 2 exclusions
D:5 2 transporters, astraldaughter's ghost, novice HaAM
D:6 MoonlitKnight's ghost, novice HOFi
D:12 Rupert
Lair:5 Teoryapn's ghost, journeyman DsFE
Orc:1 Jorgrun


Innate Abilities, Weirdness & Mutations

You cannot wear most types of armour.
You are very stealthy in the water. (Stealth+)
You are amphibious.
You can wear up to eight rings at the same time.
You can use your tentacles to constrict eight enemies at once.
Your skin changes colour to match your surroundings (Stealth+).
Your rubbery body absorbs attacks. (AC +1, EV +1)


Message History

Jorgrun casts a spell at you.
Roots burst forth from the earth!
The grasping roots grab you! The grasping roots constrict you!
As you read the scroll of teleportation, it crumbles to dust.
You feel strangely unstable.
* * * LOW HITPOINT WARNING * * *
The grasping roots constrict you!
Okay, then.
Press: ? - help, v - describe, . - travel
Here: Jorgrun, wielding a +0 quarterstaff of crushing and wearing a +0 robe The floor.
Okay, then.
You fade into invisibility!
Jorgrun points at the rock wall and mumbles some strange words.
Some rock shatters into small pieces.
* * * LOW HITPOINT WARNING * * *
The grasping roots constrict you!
You feel better.
You die...

# ###.### # ########
##.#.#.###.#####..##...
#.........#.#.#........
##.#..@........#.......
#.....$..##......$.>..o
##.#...###............o
#...g.###.............. ##
#....#.#...............
##.###...).................
#........g..#.........#....
##.........###.#...........
#...#..##.# ####..........


You could see Jorgrun.

Vanquished Creatures
  A fire dragon (Lair:6)
  Fannar (D:11)
  An ice dragon (Lair:6)
  Harold (D:10)
  6 hydras
  Erica (D:8)
  2 catoblepae
  A death knight (D:11)
  4 two-headed ogres
  Sonja (D:11)
  A shock serpent (Lair:6)
  A swamp dragon (Lair:6)
  3 unseen horrors
  Pikel (D:8)
  An orc knight (Bailey)
  A phantasmal warrior (D:11)
  A necromancer (IceCv)
  2 cyclopes (D:12)
  3 oklob plants
  14 elephants
  4 black mambas
  An ice statue (IceCv)
  Maurice (D:10)
  A torpor snail (Lair:5)
  Psyche (D:12)
  16 spiny frogs
  11 freezing wraiths
  A komodo dragon (shapeshifter) (D:12)
  2 rime drakes (Lair:6)
  5 komodo dragons
  5 trolls
  A tyrant leech (Lair:2)
  A polar bear (Lair:6)
  4 dream sheep (Lair:6)
  8 slime creatures
  2 bog bodies (Lair:2)
  9 blink frogs
  12 hippogriffs
  23 yaks
  A wraith (D:10)
  5 wyverns
  Grum (D:8)
  3 basilisks
  A death yak simulacrum (IceCv)
  Eustachio (D:4)
  2 steam dragons
  Menkaure (D:4)
  2 acid dragons (Lair:6)
  3 swamp worms (Lair:2)
  A warg (Orc:1)
  Duvessa (D:6)
  12 water moccasins
  6 porcupines
  4 black bears
  4 phantoms
  2 swamp drakes (Lair:6)
  A sky beast (D:6)
  15 ice beasts
  17 orc warriors
  3 necrophages
  4 slaves (D:8)
  8 ogres
  2 centaurs
  18 wolves
  12 crocodiles
  8 big kobolds
  20 bullfrogs
  4 gnoll sergeants
  Dowan (D:6)
  2 wyvern skeletons
  2 water moccasin skeletons
  8 scorpions
  An elephant simulacrum (IceCv)
  16 killer bees
  A swamp dragon simulacrum (IceCv)
  3 howler monkeys (D:10)
  3 crimson imps
  A centaur zombie (D:7)
  4 draconian simulacra (IceCv)
  13 hounds
  2 bullfrog zombies
  4 jellies
  16 orc priests
  6 bullfrog skeletons
  4 centaur skeletons
  8 iguanas
  3 worker ants
  12 orc wizards
  A polar bear simulacrum (IceCv)
  7 troll simulacra (IceCv)
  2 killer bee zombies
  3 centaur simulacra (IceCv)
  14 gnolls
  3 naga simulacra (IceCv)
  3 ogre simulacra (IceCv)
  13 adders
  6 shadow imps
  14 white imps
  A howler monkey simulacrum (D:6)
  2 adder zombies
  4 adder skeletons
  2 worms
  An adder simulacrum (D:6)
  A dart slug (D:4)
  5 leopard geckos
  61 orcs
  2 giant cockroaches
  9 goblins
  4 hobgoblins
  11 jackals
  33 kobolds
  6 quokkas
  11 bats
  3 frilled lizards
  A jackal skeleton (D:4)
  A quokka skeleton (D:5)
  9 rats
  4 fungi
  2 plants
666 creatures vanquished.

Vanquished Creatures (collateral kills)
  A hippogriff (Lair:1)
  A wolf (Lair:1)
  2 killer bees (D:11)
4 creatures vanquished.

Vanquished Creatures (others)
  A queen bee (D:11)
  A hippogriff (Lair:1)
  An orc (Orc:1)
  18 fungi
  24 plants
45 creatures vanquished.

Grand Total: 715 creatures vanquished

Notes
Turn   | Place    | Note
-------+----------+-------------------------------------------
     0 | D:1      | ANON1729 the Octopode Earth Elementalist began the quest
                  | for the Orb.
     0 | D:1      | Reached XP level 1. HP: 11/11 MP: 3/3
   601 | D:1      | Reached XP level 2. HP: 17/17 MP: 5/5
  1293 | D:2      | Reached XP level 3. HP: 22/22 MP: 6/6
  1685 | D:2      | Reached skill level 1 in Fighting
  1862 | D:2      | Reached skill level 1 in Short Blades
  1862 | D:2      | Reached XP level 4. HP: 28/28 MP: 7/7
  2147 | D:2      | Found a burning altar of Makhleb.
  2477 | D:3      | Found an ornate altar of the Wu Jian Council.
  2501 | D:3      | Found a hide-covered altar of Uskayaw.
  2915 | D:3      | Reached XP level 5. HP: 27/33 MP: 8/8
  3214 | D:3      | Noticed an orc warrior
  3480 | D:3      | Found a bloodstained altar of Trog.
  3481 | D:3      | Found a blossoming altar of Fedhas.
  3602 | D:4      | Found a basalt altar of Yredelemnul.
  3634 | D:4      | Noticed Menkaure
  3835 | D:4      | Noticed Eustachio
  3835 | D:4      | Noticed an ogre
  4563 | D:3      | Learned a level 2 spell: Passwall
  4568 | D:3      | Learned a level 4 spell: Petrify
  4777 | D:4      | Reached XP level 6. HP: 39/39 MP: 8/10
  5239 | D:4      | Killed Menkaure
  5239 | D:4      | Reached XP level 7. HP: 45/45 MP: 4/11
  5351 | D:4      | Reached skill level 5 in Earth Magic
  5516 | D:4      | Killed Eustachio
  5516 | D:4      | Reached skill level 5 in Stealth
  5664 | D:5      | Entered Level 5 of the Dungeon
  5668 | D:5      | Found a transporter.
  5678 | D:5      | Noticed astraldaughter's ghost (novice HaAM)
  5678 | D:5      | Identified the cursed +0 scale mail of the Unseen Realm
                  | {rPois rN+ SInv}
  5860 | D:5      | Found a hazy altar of Hepliaklqana.
  5913 | D:5      | Found a transporter.
  5925 | D:5      | Reached XP level 8. HP: 41/52 MP: 6/13
  6008 | D:5      | Found a staircase to the Ecumenical Temple.
  6043 | Temple   | Entered the Ecumenical Temple
  6132 | D:5      | Found a shadowy altar of Dithmenos.
  6162 | D:5      | Found an ancient bone altar of Kikubaaqudgha.
  6799 | D:4      | Learned a level 5 spell: Lee's Rapid Deconstruction
  7292 | D:5      | Found a shimmering altar of Xom.
  7293 | D:5      | Found a burning altar of Makhleb.
  7587 | D:6      | Noticed Dowan
  7589 | D:6      | Noticed Duvessa
  7605 | D:6      | Killed Duvessa
  7605 | D:6      | Reached XP level 9. HP: 47/58 MP: 3/15
  7608 | D:6      | Killed Dowan
  7700 | D:6      | Found a runed translucent gate.
  7700 | D:6      | Found a runed translucent gate.
  7700 | D:6      | Found a runed translucent gate.
  7980 | D:6      | Found a shattered altar of Ashenzari.
  8051 | D:6      | Found an opulent altar of Gozag.
  8965 | D:6      | Reached skill level 5 in Dodging
  9140 | D:6      | Noticed MoonlitKnight's ghost (novice HOFi)
  9810 | D:6      | Got the ring of Eckou {Fire}
  9927 | D:6      | Identified the ring of Eckou {Fire rPois rN++ Int-5} (You
                  | found it on level 6 of the Dungeon)
 10005 | D:7      | Reached XP level 10. HP: 58/65 MP: 17/17
 10156 | D:7      | Found Toshra Fympu's Book Shop.
 10388 | D:7      | Found a shimmering blue altar of Sif Muna.
 10404 | D:7      | Reached skill level 5 in Fighting
 11278 | D:8      | Reached skill level 5 in Spellcasting
 11334 | D:8      | Found a staircase to the Lair.
 11446 | D:8      | Reached skill level 5 in Short Blades
 11463 | D:8      | Noticed Erica
 11519 | D:8      | Killed Erica
 11519 | D:8      | Reached skill level 5 in Transmutations
 11743 | D:8      | Noticed Pikel
 11796 | D:8      | Killed Pikel
 12019 | D:8      | Reached XP level 11. HP: 67/72 MP: 19/19
 12037 | D:8      | Noticed Grum
 12058 | D:8      | Killed Grum
 12908 | D:8      | Got a twisted dagger
 12909 | D:8      | Identified the +5 dagger of Peat {drain, rF++} (You found
                  | it on level 8 of the Dungeon)
 13019 | D:9      | Found an ancient bone altar of Kikubaaqudgha.
 13048 | D:9      | Found a white marble altar of Elyvilon.
 13578 | D:9      | Noticed a two-headed ogre
 13608 | D:9      | Killed a two-headed ogre
 13745 | D:9      | Learned a level 3 spell: Stone Arrow
 13823 | D:9      | Found a snail-covered altar of Cheibriados.
 13880 | D:9      | Found a sacrificial altar of Ru.
 14160 | D:10     | Entered Level 10 of the Dungeon
 14198 | D:10     | Noticed a two-headed ogre
 14213 | D:10     | Killed a two-headed ogre
 14217 | D:10     | Noticed a two-headed ogre
 14341 | D:10     | Noticed Maurice
 14361 | D:10     | Found a flagged portal.
 14425 | D:10     | Killed Maurice
 14599 | Bailey   | Entered a bailey
 15235 | Bailey   | Noticed an orc knight
 15247 | Bailey   | Killed an orc knight
 15247 | Bailey   | Reached skill level 10 in Earth Magic
 15662 | D:10     | Killed an unseen horror
 15728 | D:10     | Noticed Harold
 15740 | D:10     | Killed Harold
 15740 | D:10     | Reached skill level 10 in Stealth
 15740 | D:10     | Reached XP level 12. HP: 36/80 MP: 1/21
 16055 | D:10     | Killed a two-headed ogre
 16559 | D:10     | Found a staircase to the Orcish Mines.
 16758 | Lair:1   | Entered Level 1 of the Lair of Beasts
 18261 | Lair:2   | You fall into a shaft and drop 1 floor!
 18762 | Lair:2   | Noticed a seven-headed hydra
 18771 | Lair:2   | Killed a seven-headed hydra
 18788 | Lair:2   | Found a staircase to the Swamp.
 19142 | Lair:2   | Found a hole to the Spider Nest.
 19153 | Lair:2   | Noticed an eight-headed hydra
 19164 | Lair:2   | Killed an eight-headed hydra
 19290 | Lair:2   | Got a transparent lapis lazuli ring
 19351 | Lair:2   | Identified the ring of Vampiric Thralls {*Drain rC+ Dex+4}
                  | (You found it on level 2 of the Lair of Beasts)
 19358 | Lair:2   | Reached XP level 13. HP: 88/88 MP: 18/23
 21788 | Lair:5   | Found a runed translucent door.
 22210 | Lair:5   | Noticed Teoryapn's ghost (journeyman DsFE)
 22285 | Lair:5   | Found the +0 sword of Power
 23305 | Lair:6   | Entered Level 6 of the Lair of Beasts
 23557 | Lair:6   | Got a clouded lapis lazuli ring
 23559 | Lair:6   | Identified the ring "Zaimp" {rElec rN+ Str-4 Dex+5} (You
                  | found it on level 6 of the Lair of Beasts)
 23634 | Lair:6   | Found a frozen archway.
 23634 | Lair:6   | Noticed an ice dragon
 23634 | Lair:6   | Killed an ice dragon
 23638 | IceCv    | Entered an ice cave
 25881 | IceCv    | Got a jewelled hat
 25887 | IceCv    | Identified the -3 hat "Bitranymim" {Regen+ rCorr Stlth+}
                  | (You found it in an ice cave)
 26433 | IceCv    | Reached XP level 14. HP: 95/95 MP: 10/26
 26532 | IceCv    | Found an ancient bone altar of Kikubaaqudgha.
 28575 | Lair:6   | Found a staircase to the Slime Pits.
 28586 | Slime:1  | Entered Level 1 of the Pits of Slime
 30501 | Lair:6   | Learned a level 3 spell: Ozocubu's Armour
 31308 | Lair:6   | Upgraded the game from 0.25-a0-310-g60f0ac2d9a to
                  | 0.25-a0-316-gd28d56f9c5
 31643 | D:11     | Reached skill level 1 in Ice Magic
 31818 | D:11     | Noticed Fannar
 31845 | D:11     | Killed Fannar
 32087 | D:11     | Noticed Sonja
 32108 | D:11     | Killed Sonja
 33531 | D:12     | Reached XP level 15. HP: 101/101 MP: 23/27
 33789 | D:12     | Noticed Rupert
 34200 | D:12     | Noticed Psyche
 34216 | D:12     | Killed Psyche
 35225 | Orc:1    | Entered Level 1 of the Orcish Mines
 35240 | Orc:1    | Found a roughly hewn altar of Beogh.
 35632 | Orc:1    | Noticed Jorgrun
 35676 | Orc:1    | Slain by Jorgrun

Levels and vault maps discovered:
D:1:      wander_arrival_chamber, layout_loops_corners,
          chequers_serial_rivers_micro_d, kennysheep_minor_cross
D:2:      layout_basic, minmay_strange_pillars, bloody_makhleb
D:3:      layout_rooms, lemuel_doored_altar, lemuel_round_altar,
          gammafunk_temple_overflow_statue
D:4:      cheibrodos_pilgrimage, layout_loops_cross,
          lemuel_coloured_pillars_altar, uniq_menkaure, uniq_eustachio
D:5:      layout_layer_cave, grunt_temple_overflow_champion_of_chaos,
          overflow_temple_1_default, overflow_temple_1_default,
          minmay_temple_entry_water_ring, basic_altar, first_ration,
          gammafunk_ghost_gnarly_gnolls
D:6:      kennysheep_kobold_camp, layout_basic, lemuel_round_altar,
          nicolae_gozag_cash_rules_everything_around_me, gammafunk_ghost_icy,
          minmay_misc_feat_roman, minmay_starry_boxes, uniq_duvessa
D:7:      layout_loops_corners, serial_shops, shop_fountains, basic_altar
D:8:      layout_basic, due_lair_maze_entry_diamond, uniq_grum, uniq_erica,
          uniq_pikel
D:9:      layout_basic, nicolae_ru_the_path_less_chosen, elyvilon_altar_3,
          kennysheep_mini_moat, basic_altar
D:10:     layout_rooms, kennysheep_orc_monster_closet_entryway, enter_bailey_7,
          uniq_harold, uniq_maurice
D:11:     layout_cave_pools, david_nohive_1, bh_chokoban, uniq_sonja,
          uniq_fannar
D:12:     layout_rooms, uniq_rupert, uniq_kirke, uniq_psyche
D:13:     layout_rooms, david_vaults_2, special_room [special_room_orc]
Temple:   corrupted_temple
Lair:1:   layout_misc_corridors, grunt_megastairs_4
Lair:2:   layout_loops_ring, skrybe_swamp_entry_bodies,
          spider_nest_entry_web_field, small_statue_intersection,
          chequers_serial_rivers_micro_d, chequers_serial_rivers_marsh,
          worms_lemuel, lemuel_fruit_fields
Lair:3:   layout_regular_city, grunt_forest_small_clearings
Lair:4:   layout_regular_city
Lair:5:   layout_cave_pods, ebering_ghost_inner_flame, minmay_lair_oklob_items,
          minmay_hedge_maze, chequers_serial_rivers_micro_b, lemuel_fruit_tree
Lair:6:   guppyfry_lair_end_dragon, layout_cave_pods,
          minmay_slime_entry_pillars, portal_ice_cave_entry_animals_and_master,
          chequers_serial_rivers_micro_e, minmay_lair_oklob_chamber,
          grunt_megastairs_5
Slime:1:  layout_caves
Orc:1:    layout_caves, mines1_david, uniq_jorgrun

Skill      XL: |  1  2  3  4  5  6  7  8  9 10 11 12 13 14 15 |
---------------+----------------------------------------------+-----
Stealth        | 3 4 5 6 7 8 10 11 12 13 | 13.2
Fighting       | 1 2 3 4 5 6 7 8 9 |  9.5
Short Blades   | 1 2 3 4 5 6 7 8 9 |  9.4
Earth Magic    | 4 5 6 7 9 10 11 12 13 | 13.5
Dodging        | 3 4 5 6 7 8 9 |  9.8
Spellcasting   | 3 4 5 6 7 8 9 |  9.0
Transmutations | 2 3 4 5 6 7 8 9 |  9.4
Ice Magic      | 2 3 |  3.8

Action                   |  1- 3 |  4- 6 |  7- 9 | 10-12 | 13-15 || total
-------------------------+-------+-------+-------+-------+-------++-------
Melee: Dagger            |    50 |    85 |   239 |   397 |   514 ||  1285
       Unarmed           |     6 |       |       |       |       ||     6
       Constrict         |    14 |    20 |    55 |    70 |    75 ||   234
       Tentacles         |     7 |     8 |    54 |    70 |   110 ||   249
Throw: Stone             |       |       |       |     2 |     9 ||    11
 Cast: Sandblast         |     4 |    33 |    34 |   102 |   164 ||   337
       Petrify           |       |     2 |     8 |    81 |   119 ||   210
       Passwall          |       |       |     1 |     6 |    18 ||    25
       Lee's Rapid Decon |       |       |     6 |     6 |    81 ||    93
       Stone Arrow       |       |       |       |       |    10 ||    10
Evoke: Wand              |       |       |       |     1 |    22 ||    23
       Box of beasts     |       |       |       |       |     2 ||     2
  Use: Scroll            |       |       |     5 |    13 |    21 ||    39
       Potion            |       |       |       |     9 |    13 ||    22
 Stab: Sleeping          |    12 |    11 |    10 |    23 |    24 ||    80
       Petrified         |       |     3 |    14 |    62 |    53 ||   132
       Distracted        |       |       |     2 |     5 |     5 ||    12
       Petrifying        |       |       |     2 |     3 |    15 ||    20
       Paralysed         |       |       |     1 |       |     6 ||     7
       Confused          |       |       |     1 |       |     3 ||     4
  Eat: Chunk             |     3 |     7 |    17 |    31 |    19 ||    77
       Ration            |       |     1 |       |     3 |    15 ||    19
Armor: Skin              |     7 |     7 |    27 |    23 |    14 ||    78
Dodge: Dodged            |    38 |    75 |   149 |   285 |   508 ||  1055

Table legend:
 A = Non-vault XP
 B = Vault XP
 C = Vault XP percentage of total XP
 D = Non-vault monster count
 E = Vault monster count
 F = Vault count percentage of total count
                 A         B        C        D         E       F
            +---------+---------+-------+---------+---------+-------
      Total |   61454 |   33092 |  35.0 |     431 |     229 |  34.7
            +---------+---------+-------+---------+---------+-------
        D:1 |      33 |       0 |   0.0 |      13 |       0 |   0.0
        D:2 |      79 |       0 |   0.0 |      19 |       0 |   0.0
        D:3 |     146 |       0 |   0.0 |      31 |       0 |   0.0
        D:4 |     440 |     419 |  48.8 |      13 |       8 |  38.1
        D:5 |     884 |      48 |   5.2 |      26 |       1 |   3.7
        D:6 |    1215 |    1357 |  52.8 |      26 |      36 |  58.1
        D:7 |    1126 |       0 |   0.0 |      31 |       0 |   0.0
        D:8 |    1021 |    2947 |  74.3 |      17 |      14 |  45.2
        D:9 |    1917 |       0 |   0.0 |      12 |       0 |   0.0
       D:10 |    6171 |    3418 |  35.6 |      31 |      27 |  46.6
       D:11 |    8186 |    2630 |  24.3 |      60 |      14 |  18.9
       D:12 |    3280 |     795 |  19.5 |      25 |       2 |   7.4
       D:13 |    2300 |     307 |  11.8 |       6 |       8 |  57.1
     Lair:1 |    3682 |    1135 |  23.6 |      21 |       6 |  22.2
     Lair:2 |    3861 |    1287 |  25.0 |       9 |       6 |  40.0
     Lair:3 |    1857 |       0 |   0.0 |      10 |       0 |   0.0
     Lair:4 |    5239 |       0 |   0.0 |      12 |       0 |   0.0
     Lair:5 |    4662 |     997 |  17.6 |      22 |       2 |   8.3
     Lair:6 |   13883 |   10015 |  41.9 |      37 |      34 |  47.9
    Slime:1 |     798 |       0 |   0.0 |       3 |       0 |   0.0
      Orc:1 |     674 |       0 |   0.0 |       7 |       0 |   0.0
     Bailey |       0 |    1317 | 100.0 |       0 |      17 | 100.0
      IceCv |       0 |    6420 | 100.0 |       0 |      54 | 100.0
            +---------+---------+-------+---------+---------+-------
